 Dungeon Crawl Stone Soup version 0.23-a0-636-g0ff6057 (console) character file.

9 Duffy the Firebug (level 2, 19/20 HPs)
             Began as a Demonspawn Fire Elementalist on Dec 28, 2018.
             Quit the game on level 1 of the Dungeon.
             The game lasted 00:00:38 (691 turns).

Duffy the Firebug (Demonspawn Fire Elementalist)     Turns: 691, Time: 00:00:40

Health: 19/20      AC:  2    Str:  8    XL:     2   Next: 3%
Magic:  5/5        EV: 12    Int: 16    God:
Gold:   22         SH:  0    Dex: 13    Spells: 4/5 levels left

rFire    . . .     SeeInvis .   b - +0 dagger (elec)
rCold    . . .     Gourm    .   (no shield)
rNeg     . . .     Faith    .   a - +0 robe
rPois    .         Spirit   .   (no helmet)
rElec    .         Reflect  .   (no cloak)
rCorr    .         Harm     .   (no gloves)
MR       .....                  (no boots)
Stlth    ++........             (no amulet)
HPRegen  0.06/turn              (no ring)
MPRegen  0.09/turn              (no ring)

@: no status effects
A: demonic guardian 1
a: no special abilities


You were on level 1 of the Dungeon.
You were not hungry.

You visited 1 branch of the dungeon, and saw 1 of its levels.

You collected 22 gold pieces.

Inventory:

Hand Weapons
 b - a +0 dagger of electrocution (weapon)
Armour
 a - a +0 robe (worn)
Scrolls
 e - a scroll of random uselessness {unknown}
 f - a scroll of identify {unknown}
 g - a scroll of amnesia {unknown}
Potions
 d - 2 potions of invisibility {unknown}
 h - a potion of flight {unknown}
Comestibles
 c - a ration
 i - a chunk of flesh


   Skills:
 + Level 0.8 Fighting
 - Level 1.7 Dodging
 - Level 1.7 Stealth
 - Level 2.0 Spellcasting
 + Level 1.8 Conjurations
 - Level 2.6 Fire Magic


You had 4 spell levels left.
You knew the following spells:

 Your Spells              Type           Power        Failure   Level  Hunger
h - Flame Tongue          Conj/Fire      #....        9%          1    #......

Your spell library contained the following spells:

 Spells                   Type           Power        Failure   Level  Hunger
 Throw Flame              Conj/Fire      #.....       12%         2    ###....
 Conjure Flame            Conj/Fire      #.......     24%         3    ###....
 Inner Flame              Hex/Fire       #.......     34%         3    ###....
 Sticky Flame             Conj/Fire      #.......     63%         4    #####..
 Fireball                 Conj/Fire      #.........   92%         5    ######.


Dungeon Overview and Level Annotations

Branches:
Dungeon (1/15)

Altars:


Innate Abilities, Weirdness & Mutations

A weak demonic guardian rushes to your aid.


Message History

The helpless rat fails to defend itself.
You hit the rat.
You kill the rat!
No target in view!
You see here a rat corpse.
You butcher the rat corpse.
i - a chunk of flesh You see here a rat skeleton. x2
A hobgoblin comes into view. It is wielding a +0 club.
The hobgoblin shouts!
A bat comes into view.
The hobgoblin hits you with a +0 club.
You hit the hobgoblin.
Lightning courses through the hobgoblin!
You kill the hobgoblin!
You have reached level 2!
Your demonic ancestry asserts itself...
You feel the presence of a demonic guardian.
The bat barely misses you.
Are you sure you want to abandon this character and quit the game? (Confirm

.####...###.##)#
.............#.##
.####)..###.....#####
..P.#...............#
#
.77.7..####.....###.#.
..PP....# #..#.## ...
........# #..#.###.# #
P...7...# #..#.#.b.#
.# ..P....##
#..#..@### #.#
......P# ##.###.%.#...
...P...# #.# ###.#.#
.......#####.## #...#
..P...........## #.###
P..P.P7##...#..###.#
.......#...........#
.....P#.....#).#####
.P7............#


You could see a bat.

Vanquished Creatures
  A giant cockroach (D:1)
  A goblin (D:1)
  2 hobgoblins (D:1)
  A jackal (D:1)
  A bat (D:1)
  A frilled lizard (D:1)
  A rat (D:1)
8 creatures vanquished.

Notes
Turn   | Place    | Note
-------+----------+-------------------------------------------
     0 | D:1      | Duffy the Demonspawn Fire Elementalist began the quest for
                  | the Orb.
     0 | D:1      | Reached XP level 1. HP: 13/13 MP: 3/3
   690 | D:1      | Gained mutation: A weak demonic guardian rushes to your
                  | aid. [demonic ancestry]
   690 | D:1      | Reached XP level 2. HP: 18/20 MP: 5/5
   691 | D:1      | Quit the game

Vault maps used:
D:1:      wander_arrival_fairy_ring, serial_rivers,
          chequers_serial_rivers_micro_d, chequers_serial_rivers_small_b,
          chequers_serial_rivers_large_b, chequers_serial_rivers_large_a

Action                   || total
-------------------------++-------
Melee: Dagger            ||    30
       Unarmed           ||     1
 Cast: Flame Tongue      ||     3
 Stab: Sleeping          ||     1
Armor: Robe              ||    21
Dodge: Dodged            ||    47

Table legend:
 A = Non-vault XP
 B = Vault XP
 C = Vault XP percentage of total XP
 D = Non-vault monster count
 E = Vault monster count
 F = Vault count percentage of total count
                 A         B        C        D         E       F
            +---------+---------+-------+---------+---------+-------
      Total |      13 |       0 |   0.0 |       8 |       0 |   0.0
            +---------+---------+-------+---------+---------+-------
        D:1 |      13 |       0 |   0.0 |       8 |       0 |   0.0
            +---------+---------+-------+---------+---------+-------
